 Dungeon Crawl Stone Soup version 0.19-a0-1714-gcab94ab (webtiles) character file.

187 TheGoonsmith the Sneak (level 5, 0/24 HPs)
             Began as a Spriggan Enchanter on Sept 28, 2016.
             Slain by a centaur skeleton (6 damage)
             ... on level 4 of the Dungeon.
             The game lasted 00:07:13 (3728 turns).

TheGoonsmith the Sneak (Spriggan Enchanter)         Turns: 3728, Time: 00:07:14

Health: 0/24       AC:  3    Str:  4    XL:     5   Next: 39%
Magic:  10/10      EV: 20    Int: 16    God:
Gold:   110        SH:  0    Dex: 20    Spells: 3 memorised, 2 levels left

rFire  . . .     SeeInvis +     l - +2 dagger (vamp)
rCold  . . .     Gourm    .     e - +0 robe {MR+}
rNeg   . . .     Faith    .     (shield restricted)
rPois  .         Spirit   .     (helmet restricted)
rElec  .         Dismiss  .     (no cloak)
rCorr  .         Reflect  .     (gloves unavailable)
MR     +....     Harm     .     (boots unavailable)
Stlth  ++++......               (no amulet)
                                (no ring)
                                r - +2 ring of dexterity

@: very quick
A: unfitting armour, see invisible, herbivore 3, speed 3, slow metabolism 2
a: no special abilities


You were on level 4 of the Dungeon.
You were not hungry.

You visited 1 branch of the dungeon, and saw 4 of its levels.

You collected 126 gold pieces.
You spent 16 gold pieces at shops.

Inventory:

Hand Weapons
 a - a +1 dagger
 l - a +2 vampiric dagger (weapon)
Missiles
 w - a throwing net (quivered)
Armour
 b - a +1 robe
 e - a +0 robe of magic resistance (worn)
Jewellery
 f - an uncursed amulet of magic regeneration {unknown}
 r - a +2 ring of dexterity (left hand)
Wands
 o - a wand of lightning (5/15)
 q - a wand of paralysis (17/24)
Scrolls
 g - 4 scrolls of remove curse
 i - a scroll of magic mapping
 n - 2 scrolls of fog
Potions
 j - 2 potions of ambrosia
 p - a potion of curing {unknown}
 t - a potion of magic {unknown}
Books
 c - a book of Maledictions

   Spells                             Type                      Level
   a - Corona                         Hexes                        1
   b - Ensorcelled Hibernation        Hexes/Ice                    2
   c - Confuse                        Hexes                        3
   d - Tukima's Dance                 Hexes                        3
   e - Dazzling Spray                 Conjuration/Hexes            3
 s - a book of Conjurations

   Spells                             Type                      Level
   a - Magic Dart                     Conjuration                  1
   b - Searing Ray                    Conjuration                  2
   c - Dazzling Spray                 Conjuration/Hexes            3
   d - Fulminant Prism                Conjuration/Hexes            4
   e - Iskenderun's Mystic Blast      Conjuration                  4
   f - Iskenderun's Battlesphere      Conjuration/Charms           5
Comestibles
 d - a bread ration
 m - a slice of pizza


   Skills:
 * Level 4.3 Short Blades
 + Level 4.6 Dodging
 + Level 6.0 Stealth
 - Level 2.6 Spellcasting
 - Level 3.6 Hexes


You had 2 spell levels left.
You knew the following spells:

 Your Spells              Type           Power        Failure   Level  Hunger
a - Corona                Hex            ##.....      6%          1    #......
b - Tukima's Dance        Hex            ##......     14%         3    ###....
c - Confuse               Hex            ##......     14%         3    ###....


Dungeon Overview and Level Annotations

Branches:
Dungeon (4/15)
 Temple: D:4-7

Altars:
Makhleb
Nemelex Xobeh
Zin

Shops:
D:4 :[!


Innate Abilities, Weirdness & Mutations

You are very small and have problems with some larger weapons.
You are too small for most types of armour.
You have supernaturally acute eyesight. (SInv)
You are a herbivore.
You cover ground extremely quickly.
You need consume almost no food.


Message History

The centaur skeleton is moderately damaged.
The centaur skeleton hits you.
You hit the centaur skeleton.
The centaur skeleton is heavily damaged.
The centaur skeleton misses you.
You hit the centaur skeleton.
The centaur skeleton is heavily damaged.
The centaur skeleton barely misses you.
You hit the centaur skeleton.
The centaur skeleton is severely damaged.
The centaur skeleton misses you.
You hit the centaur skeleton.
The centaur skeleton is severely damaged.
The centaur skeleton hits you!
* * * LOW HITPOINT WARNING * * *
You are too injured to fight recklessly!
You see here a scroll labeled WOMIXU KAAC.
There is a stone staircase leading up here.
The centaur skeleton hits you.
You die...

*,* *,#....,,,,* #.#......# *,*
#.#....###+###.#.###.##### *,*
#.#......................# ****,*
#.#.......................
,,,*,*##.#......................#
,,,.,#,.......##.................
**,#.#.#.#....*#?#.......####.#..
*#.#.#.#.#.#+###Z................
,...............@..........(.....
,,.#.#.#.#.#.#####.##..######...#
*###.#.#.#.#.#####+##..#** *,#.#
,........#.#.............****,*,,
####$###.#.#........#....,,,,,*,,
........########'''#######*****,,
.###....########...#####*******,*
.###.######§§§##...#§§§§,**,,,,,*
.#......##..§§§#.>.#.§§§,********


You could see a centaur skeleton.

Vanquished Creatures
  Jessica (D:3)
  A worker ant (D:4)
  3 adders
  3 gnolls (D:3)
  4 worms
  3 dart slugs
  A leopard gecko (D:3)
  An orc (D:3)
  2 giant cockroaches (D:1)
  3 hobgoblins (D:1)
  6 jackals (D:1)
  3 quokkas
  A ball python (D:2)
  11 bats
  5 frilled lizards
  6 goblins
  10 kobolds
  4 rats
68 creatures vanquished.

Notes
Turn   | Place    | Note
-------+----------+-------------------------------------------
     0 | D:1      | TheGoonsmith the Spriggan Enchanter began the quest for the Orb.
     0 | D:1      | Reached XP level 1. HP: 9/9 MP: 5/5
   267 | D:1      | Reached XP level 2. HP: 11/13 MP: 6/6
   968 | D:1      | Reached XP level 3. HP: 16/16 MP: 8/8
  1083 | D:1      | Learned a level 3 spell: Tukima's Dance
  1087 | D:1      | Learned a level 3 spell: Confuse
  1305 | D:2      | Reached skill level 5 in Stealth
  1886 | D:2      | Found a burning altar of Makhleb.
  1886 | D:2      | Found a glowing silver altar of Zin.
  1887 | D:2      | Noticed an angel
  1887 | D:2      | Noticed a balrug
  1951 | D:2      | Reached XP level 4. HP: 17/21 MP: 9/9
  2322 | D:3      | Noticed Jessica
  2339 | D:3      | Killed Jessica
  3423 | D:3      | Reached XP level 5. HP: 24/24 MP: 10/10
  3517 | D:4      | Found a sparkling altar of Nemelex Xobeh.
  3533 | D:4      | Found Hotumn's Book Emporium.
  3597 | D:4      | Found Tumaeps's Distillery.
  3630 | D:4      | Reached skill level 6 in Stealth
  3673 | D:4      | Found Ofoe's Antique Armour Shop.
  3681 | D:4      | Bought a runed robe for 16 gold pieces
  3728 | D:4      | Slain by a centaur skeleton

Vault maps used:
D:1:      lightli_iron_boxes, minmay_misc_feat_chi, minmay_misc_feat_rows
D:2:      grunt_temple_overflow_order_and_chaos_2
D:3:      uniq_jessica
D:4:      nemelex_altar_shiori, serial_shops, shop, kennysheep_mini, shop,
          nicolae_shop_stone, nicolae_shop_stone, grunt_ministairs_15

Skill      XL: |  1  2  3  4  5 |
---------------+----------------+-----
Short Blades   | 2 3 4 |  4.3
Stealth        | 5 6 |  6.0
Dodging        | 4 |  4.6
Spellcasting   | |  2.6
Hexes          | |  3.6

Action                   |  1- 3 |  4- 6 || total
-------------------------+-------+-------++-------
Melee: Dagger            |   218 |   134 ||   352
 Cast: Confuse           |       |     1 ||     1
  Use: Potion            |       |     1 ||     1
       Scroll            |       |     9 ||     9
 Stab: Sleeping          |    13 |     8 ||    21
       Distracted        |     1 |       ||     1
       Confused          |       |     1 ||     1
  Eat: Bread ration      |     1 |       ||     1
Armor: Robe              |    32 |     7 ||    39
Dodge: Dodged            |   193 |    86 ||   279
